Map: World of Sleepers LE

Players

MaNa - Winner!

  • Race: Protoss Protoss
  • Spawn Location: 1:00

Zanster

  • Race: Zerg Zerg
  • Spawn Location: 7:00

VOD

Have the link to the VOD?

Description

Time

  • Played on: Sept. 6, 2019, 3:42 p.m.
  • Length: 8:28
Show
View Real Time Build Order
Export as new Build Order

MaNa Protoss - Winner!

Build Orders:  

Get SALT Encoding   

  12  0:00  Probe  
  13  0:13  Probe  
  13  0:15  Pylon  
  14  0:21  Probe  
  15  0:32  Probe  
  16  0:42  Gateway  
  16  0:44  Probe  
  16  0:48  Assimilator  
  17  0:56  Probe  
  18  1:08  Probe  
  19  1:17  Gateway  
  19  1:20  Probe  
  20  1:29  Cybernetics Core  
  20  1:31  Pylon  
  20  1:32  Probe  
  21  1:36  Zealot  
  23  1:56  Adept x2  
  27  2:15  Nexus  
  27  2:18  Probe  
  27  2:21  Warp Gate  
  28  2:29  Pylon  
  28  2:30  Probe  
  28  2:34  Assimilator  
  29  2:42  Stalker  
  31  2:47  Probe  
  32  2:59  Probe  
  32  3:05  Twilight Council  
  33  3:11  Probe  
  34  3:20  Probe  
  34  3:22  Probe  
  36  3:28  Probe  
  36  3:30  Robotics Facility  
  36  3:31  Probe  
  36  3:33  Resonating Glaives  
  37  3:37  Probe  
  37  3:41  Probe  
  40  3:53  Gateway x2, Probe  
  41  4:00  Probe  
  42  4:05  Probe  
  42  4:09  Adept x2  
  47  4:11  Warp Prism, Pylon  
  48  4:20  Probe  
  50  4:28  Assimilator  
  50  4:29  Assimilator  
  50  4:34  Adept x2  
  50  4:36  Probe  
  55  4:38  Probe  
  56  4:50  Pylon, Adept x2  
  60  4:59  Probe x2  
  62  5:03  Pylon  
  62  5:14  Adept x4  
  62  5:18  Pylon  
  62  5:21  Probe  
  71  5:25  Probe  
  72  5:31  Immortal  
  76  5:38  Probe  
  75  5:47  Robotics Facility  
  75  5:48  Adept x2  
  75  5:50  Adept  
  75  5:51  Probe  
  72  6:04  Probe  
  69  6:06  Sentry  
  69  6:10  Sentry x2  
  69  6:15  Immortal  
  67  6:23  Immortal  
  65  6:34  Pylon  
  65  6:36  Sentry x4  
  77  6:40  Gateway  
  77  6:41  Gateway  
  77  6:51  Pylon  
  77  6:58  Observer, Nexus  
  77  7:00  Pylon  
  78  7:12  Stalker x3  
  84  7:20  Adept  
  86  7:36  Adept x5  
  96  7:40  Adept  
  98  7:57  Stalker x2  
  98  7:58  Stalker x3  
  102  8:09  Probe  
  95  8:19  Adept  
  93  8:21  Adept x5  
Show
View Real Time Build Order
Export as new Build Order

Zanster Zerg 

Build Orders: Hatch First 

Get SALT Encoding   

  12  0:00  Drone  
  13  0:12  Overlord  
  13  0:17  Drone  
  14  0:30  Drone x2  
  16  0:46  Drone x2  
  18  0:56  Hatchery  
  17  0:58  Drone  
  17  1:02  Extractor  
  17  1:14  Spawning Pool  
  17  1:16  Drone  
  17  1:19  Drone  
  18  1:28  Drone  
  19  1:39  Drone  
  20  1:51  Overlord  
  20  2:01  Queen  
  20  2:07  Metabolic Boost  
  20  2:08  Zergling x2, Queen  
  23  2:13  Zergling x2  
  26  2:15  Zergling x2  
  26  2:19  Zergling x2  
  28  2:31  Zergling x2  
  28  2:36  Hatchery  
  28  2:39  Zergling x2  
  29  2:45  Zergling x2  
  29  2:47  Queen  
  32  2:54  Overlord  
  32  3:00  Drone  
  32  3:01  Drone x2  
  32  3:05  Drone  
  35  3:15  Spore Crawler  
  35  3:17  Drone x4  
  35  3:19  Drone  
  39  3:22  Drone  
  39  3:26  Drone  
  41  3:28  Drone  
  41  3:33  Overlord  
  42  3:37  Spore Crawler, Drone  
  42  3:43  Drone  
  43  3:50  Drone x3  
  43  3:51  Drone x2  
  43  3:53  Drone  
  49  4:00  Drone x4  
  53  4:07  Overlord  
  53  4:16  Roach Warren  
  52  4:18  Zergling x8  
  52  4:22  Zergling x2  
  52  4:24  Overlord  
  57  4:26  Zergling x4  
  57  4:27  Zergling x2  
  61  4:31  Zergling x6  
  61  4:34  Overlord  
  63  4:39  Zergling x2  
  63  4:41  Zergling x2  
  63  4:45  Overlord  
  65  4:48  Lair  
  64  4:56  Overlord  
  64  4:58  Roach x4  
  72  5:02  Roach  
  74  5:14  Drone x7  
  74  5:20  Roach x2  
  84  5:22  Overlord  
  84  5:23  Zergling x4  
  88  5:28  Zergling x4, Roach  
  88  5:34  Extractor  
  88  5:35  Extractor  
  80  5:44  Drone x5  
  73  5:50  Zergling x2  
  68  6:00  Drone x5  
  64  6:06  Zergling x2, Roach x2  
  62  6:17  Drone x8  
  66  6:21  Drone  
  64  6:26  Drone  
  64  6:27  Drone  
  64  6:31  Drone  
  67  6:38  Queen  
  69  6:41  Overlord  
  69  6:43  Roach  
  69  6:44  Roach x2  
  69  6:45  Zergling x2  
  76  6:48  Drone  
  76  6:49  Drone  
  76  6:50  Drone  
  76  6:51  Drone  
  80  6:57  Drone x3  
  80  6:59  Drone  
  83  7:04  Drone  
  83  7:05  Drone  
  83  7:07  Drone x3  
  88  7:08  Drone  
  88  7:13  Overlord  
  89  7:22  Overlord x2  
  89  7:26  Zergling x2  
  89  7:27  Zergling x8  
  94  7:31  Ravager x3  
  94  7:33  Zergling x2  
  94  7:35  Zergling x2  
  94  7:36  Zergling x2  
  99  7:38  Ravager  
  99  7:40  Overlord  
  99  7:41  Overlord  
  99  7:42  Zergling x4, Roach  
  99  7:43  Zergling x2  
  103  7:48  Zergling x4, Roach  
  103  7:49  Zergling x2  
  104  7:59  Zergling x8, Roach  
  97  8:09  Roach x2  
Tags
 
Add a new tag
Caveats
  • Supply blocks, unpowered buildings, or Contaminate may cause inaccurate times.
  • Supply counts are checked every 10 seconds.